 Dungeon Crawl Stone Soup version 0.31-a0-1068-g5939ac1fb6 (webtiles) character file.

Game seed: 9204906353515587838

6920 tsouns the Martial Artist (level 11, -4/62 HPs)
             Began as a Vine Stalker Monk on Nov 22, 2023.
             Was an Initiate of Gozag.
             Slain by a centaur warrior
             ... wielding a +2 glaive of protection
              (15 damage)
             ... on level 9 of the Dungeon on Nov 23, 2023.
             The game lasted 00:14:19 (6661 turns).

tsouns the Martial Artist (Vine Stalker Monk)       Turns: 6661, Time: 00:14:21

Health: -4/62      AC: 10    Str: 14    XL:     11   Next: 7%
Magic:  0/21       EV: 17    Int: 14    God:    Gozag
Gold:   740        SH:  0    Dex: 17    Spells: 10/10 levels left

rFire   . .          .
                       - Unarmed
rCold   + . .        c - orb {light}
rNeg    . . .        i - +2 robe {rC+}
rPois   .            p - +1 helmet
rElec   .            K - +1 cloak {rCorr}
rCorr   +            A - +0 pair of gloves
SInv    .            n - +0 pair of boots
Will    +....        q - amulet of regeneration
Stlth   +            f - +4 ring of slaying
HPRegen 1.90/turn    e - ring of magical power
MPRegen 0.17/turn

%: guardian spirit
@: gold aura, glowing
A: fangs 3, regeneration 1, magic shield, antimagic bite, no potion heal 2, wild
magic 1
a: Renounce Religion, Potion Petition, Call Merchant, Bribe Branch


You were on level 9 of the Dungeon.
You worshipped Gozag.
Gozag was pleased with you.
You visited 1 branch of the dungeon, and saw 9 of its levels.

You collected 1035 gold pieces.
You spent 295 gold pieces at shops.

Inventory:

Hand Weapons
 m - a +5 antimagic dagger
Missiles
 G - 6 curare-tipped darts
Armour
 c - an orb of light (worn)
 i - a +2 robe of cold resistance (worn)
 n - a +0 pair of boots (worn)
 p - a +1 helmet (worn)
 A - a +0 pair of gloves (worn)
 K - a +1 cloak of preservation (worn)
Jewellery
 e - a ring of magical power (right hand)
 f - a +4 ring of slaying (left hand)
 j - a ring of wizardry
 q - an amulet of regeneration (around neck)
 w - a +6 ring of dexterity
 x - a +6 ring of intelligence
 y - a ring of positive energy
 C - a ring of protection from cold
Wands
 a - a wand of iceblast (14)
 r - a wand of quicksilver (22)
 s - a wand of digging (4)
 z - a wand of flame (9)
 J - a wand of paralysis (4)
Scrolls
 h - 5 scrolls of teleportation
 l - 3 scrolls of blinking
 v - a scroll of fog
 B - 2 scrolls of revelation
 E - a scroll of identify
 I - a scroll of vulnerability
Potions
 b - a potion of ambrosia
 d - 2 potions of enlightenment
 g - 2 potions of heal wounds
 k - 2 potions of cancellation
 o - a potion of invisibility
 t - 8 potions of curing {unknown}
 u - a potion of resistance
 D - a potion of brilliance
 F - 2 potions of haste
 H - a potion of magic


   Skills:
 + Level 9.4 Fighting
 + Level 8.5 Dodging
 + Level 10.1 Unarmed Combat


You had 10 spell levels left.
You didn't know any spells.
Your spell library contained the following spells:

 Spells                   Type           Power      Damage    Failure   Level
 Apportation              Tloc           0%         N/A       36%         1
 Jinxbite                 Hex            0%         N/A       50%         2
 Hailstorm                Conj/Ice       0%         3d3       73%         3
 Summon Ice Beast         Ice/Summ       0%         N/A       98%         4
 Alistair's Intoxication  Tmut/Pois      0%         N/A       100%        5
 Simulacrum               Ice/Necr       Unusable   N/A       N/A         6

Dungeon Overview and Level Annotations

Branches:
Dungeon (9/15)             Temple (0/1) D:7
   Lair: D:8-11         Orc: D:9-12

Altars:
Ashenzari
Fedhas
Gozag
Makhleb
Trog
Xom
Yredelemnul

Shops:
D:3 *   D:4 *   D:7 [

Annotations:
D:4 1 runed translucent door, t4s4d4r's ghost, novice DsEE


Innate Abilities, Weirdness & Mutations

You have razor-sharp teeth.
Your natural rate of healing is unusually fast.
When hurt, damage is shared between your health and your magic reserves.
Your bite disrupts and absorbs the magic of your enemies.
Potions cannot restore your health.
Your spells are a little harder to cast, but a little more powerful.


Message History

You feel sick.
You are no longer poisoned.
The steam dragon breathes steam at you. The ball of steam hits you!
You are engulfed in a cloud of scalding steam.
The steam dragon barely misses you. The steam dragon completely misses you.
A centaur warrior comes into view.
It is wielding a +2 glaive of protection.
The steam dragon misses you. The steam dragon claws you.
You hit the steam dragon but do no damage.
You bite the steam dragon. You drain its power.
You feel invigorated.
The steam dragon is lightly wounded.
You punch the steam dragon! You bite the steam dragon. You drain its power.
The steam dragon is severely wounded.
The steam dragon closely misses you. The steam dragon barely misses you.
You hit the steam dragon. You bite the steam dragon. You drain its power.
The steam dragon is severely wounded.
The steam dragon breathes steam at you. The ball of steam hits you!
You barely miss the steam dragon. You bite the steam dragon.
You drain its power.
You feel invigorated.
The steam dragon is almost dead.
You are engulfed in a cloud of scalding steam.
The steam dragon breathes steam at you. The ball of steam hits you!
You hit the steam dragon.
You kill the steam dragon!
You are engulfed in a cloud of scalding steam.
The salamander hits you.
You are engulfed in flames!
You punch the salamander!
The salamander is moderately wounded.
The salamander hits you.
* * * LOW HITPOINT WARNING * * *
You are engulfed in flames!
* * * LOW HITPOINT WARNING * * *
You punch the salamander!
The salamander is heavily wounded.
The salamander changes into a queen bee!
The centaur warrior hits you from afar with a +2 glaive of protection!!
You die...
Your body crumbles into a pile of gold.

#......# #####.<≈ ._..
######...# #.....#. <⌠⌠..
#.####...####+#...... ..⌠..
#...'.........#...... ..#.~#
#...#.........+....$♣#88...$
'...#......<..#.............
#...#.........#####..#...##.
##..##.#########........##
.#..##.###..N.##@.......# .#
.+......#..$#Z#y.$.§§...# .#
.#......#...#yc#....$.#####.#
.#......#..#y#.#......###...#
.#.....##..#$#..............#
.########.##.##.......$.....#
.#........#.Z.#........$....#
.#.......##..###....####....#
.#.......#...# #....# #....#


You could see a centaur warrior, a queen bee shaped shifter and 2 killer bees.

Vanquished Creatures
  A two-headed ogre (D:8)
  A centaur warrior (D:9)
  Maurice (D:8)
  An unseen horror (D:8)
  A kobold demonologist (D:7)
  A troll (D:9)
  2 hornets
  Grinder (D:5)
  Sigmund (D:2)
  3 yaks (D:8)
  2 chaos spawn (D:9)
  2 steam dragons
  A vampire mosquito (D:9)
  Edmund (D:4)
  A water moccasin (D:8)
  2 orc warriors
  2 ogres
  An ice beast (D:6)
  A black bear (D:8)
  A boggart (D:9)
  3 centaurs
  10 wights
  8 killer bees
  5 howler monkeys
  A jelly (D:8)
  Crazy Yiuf (D:7)
  4 hounds
  2 orc priests
  6 orc wizards
  2 sleepcaps (D:6)
  Ijyb (D:5)
  2 iguanas
  4 gnolls (D:6)
  9 adders
  A shadow imp (D:8)
  2 white imps
  2 ufetubi (D:5)
  A worm (D:2)
  4 dart slugs
  13 orcs
  5 endoplasms
  2 giant cockroaches
  11 goblins
  9 hobgoblins
  2 jackals (D:2)
  9 kobolds
  A quokka (D:5)
  9 ball pythons
  2 bats (D:1)
  2 frilled lizards
  4 rats
164 creatures vanquished.

Notes
Turn   | Place    | Note
-------+----------+-------------------------------------------
     0 | D:1      | tsouns the Vine Stalker Monk began the quest for the Orb.
     0 | D:1      | Reached XP level 1. HP: 11/11 MP: 2/2
    70 | D:1      | Reached XP level 2. HP: 15/16 MP: 1/3
   858 | D:1      | Reached XP level 3. HP: 20/20 MP: 4/4
   947 | D:2      | Noticed Sigmund
  1432 | D:2      | Reached XP level 4. HP: 24/24 MP: 1/5
  1571 | D:2      | Killed Sigmund
  1572 | D:2      | Reached skill level 4 in Unarmed Combat
  1572 | D:2      | Reached XP level 5. HP: 24/29 MP: 2/6
  1842 | D:3      | Reached XP level 6. HP: 33/33 MP: 7/7
  2213 | D:3      | Found Ylallaby's Assorted Antiques.
  2216 | D:3      | Bought a scroll labelled EMOL KAUTIZUKLUO for 19 gold
                  | pieces
  2216 | D:3      | Bought a dented zirconium amulet for 95 gold pieces
  2216 | D:3      | Bought a scroll labelled MILEHI EDUISKU for 19 gold pieces
  2682 | D:4      | Noticed Edmund
  2694 | D:4      | Killed Edmund
  2726 | D:4      | Reached XP level 7. HP: 38/38 MP: 8/8
  2763 | D:4      | Reached skill level 5 in Unarmed Combat
  2798 | D:4      | Found an opulent altar of Gozag.
  2802 | D:4      | Noticed t4s4d4r's ghost (novice DsEE)
  2804 | D:4      | Found a runed translucent door.
  2815 | D:4      | Became a worshipper of Gozag Ym Sagoz the Greedy
  2871 | D:4      | Found Yphun's Elemental Accessories.
  3321 | D:5      | Entered Level 5 of the Dungeon
  3331 | D:5      | Noticed Grinder
  3334 | D:5      | Gained mutation: Your spells are a little harder to cast,
                  | but a little more powerful. [potion of mutation]
  3338 | D:5      | Killed Grinder
  3339 | D:5      | Reached skill level 5 in Fighting
  3520 | D:5      | Gained mutation: You have razor-sharp teeth. [Vine Stalker
                  | growth]
  3520 | D:5      | Reached XP level 8. HP: 44/44 MP: 9/9
  3521 | D:5      | Noticed Ijyb
  3529 | D:5      | Killed Ijyb
  3554 | D:5      | Found a burning altar of Makhleb.
  3620 | D:5      | Reached skill level 6 in Unarmed Combat
  3802 | D:5      | Reached skill level 5 in Dodging
  4463 | D:6      | Found a broken altar of Ashenzari.
  4506 | D:6      | Found a blossoming altar of Fedhas.
  4580 | D:6      | Found a bloodstained altar of Trog.
  4580 | D:6      | Found a basalt altar of Yredelemnul.
  4672 | D:7      | Noticed a hornet
  4774 | D:7      | Found a staircase to the Ecumenical Temple.
  4866 | D:7      | Found a runed translucent door.
  4867 | D:7      | Noticed Crazy Yiuf
  4872 | D:7      | Killed Crazy Yiuf
  4999 | D:7      | Killed a hornet
  5000 | D:7      | Reached skill level 7 in Unarmed Combat
  5000 | D:7      | Reached XP level 9. HP: 49/49 MP: 10/10
  5010 | D:7      | Noticed a kobold demonologist
  5020 | D:7      | Killed a kobold demonologist
  5109 | D:7      | Found Dineseq's Antique Armour Boutique.
  5119 | D:7      | Bought a pair of gloves for 162 gold pieces
  5152 | D:7      | Identified the +5 flail "Inigugud" {heavy, Will+ rCorr
                  | Str-5 SInv}
  5847 | D:8      | Noticed a hornet
  5850 | D:8      | Paralysed by a hornet for 1 turns
  5852 | D:8      | Killed a hornet
  5852 | D:8      | Noticed a two-headed ogre
  5853 | D:8      | Reached skill level 8 in Unarmed Combat
  5869 | D:8      | Killed a two-headed ogre
  5870 | D:8      | Reached XP level 10. HP: 56/56 MP: 11/11
  6009 | D:8      | Noticed Maurice
  6022 | D:8      | Killed Maurice
  6023 | D:8      | Reached skill level 9 in Unarmed Combat
  6072 | D:8      | Noticed an unseen horror
  6081 | D:8      | Killed an unseen horror
  6310 | D:8      | Upgraded the game from 0.31-a0-1066-g35875b34c7 to
                  | 0.31-a0-1068-g5939ac1fb6
  6325 | D:8      | Found a shimmering altar of Xom.
  6575 | D:9      | Found a shimmering altar of Xom.
  6604 | D:9      | Noticed a centaur warrior
  6627 | D:9      | Killed a centaur warrior
  6633 | D:9      | Reached skill level 10 in Unarmed Combat
  6633 | D:9      | Reached XP level 11. HP: 54/62 MP: 12/12
  6644 | D:9      | a spriggan changed into a salamander
  6644 | D:9      | Noticed a salamander (shapeshifter)
  6653 | D:9      | Noticed a centaur warrior
  6661 | D:9      | a salamander changed into a queen bee
  6661 | D:9      | Slain by a centaur warrior

Illustrated notes

Levels and vault maps discovered:
D:1:      dpeg_arrival_morbid_curiosity, layout_basic
D:2:      layout_basic, chequers_garden, uniq_sigmund
D:3:      layout_basic, serial_shops, shop, serial_curves, eino_curves_01,
          eino_curves_03, st_stairs_12
D:4:      layout_cave_pools, mainiacjoe_overflow_alcove_4,
          gammafunk_ghost_grave, nicolae_elemental_shop, minmay_crystal_water,
          uniq_edmund
D:5:      layout_rooms, overflow_temple_1_default, saegor_snake_ambush,
          uniq_grinder, uniq_ijyb
D:6:      layout_basic, gammafunk_temple_overflow_elements, minitemple,
          nicolae_zig_zag_zippers
D:7:      layout_basic, temple_statues, serial_shops,
          nicolae_shop_advertising_works [nicolae_subvault_shop_adworks],
          minmay_fractal_squares_5, uniq_crazy_yiuf_cottage
D:8:      layout_gridville, tgw_xom, uniq_maurice
D:9:      minmay_the_grid_four_pointed_star_mashed
          [minmay_the_grid_triangle_9x9_swiss_cheese,
          minmay_the_grid_triangle_9x9_negative_grid,
          minmay_the_grid_triangle_9x9_tough_junction,
          minmay_the_grid_triangle_9x9_warning,
          minmay_the_grid_prize_trominoes], layout_gridville,
          palyth_temple_overflow_mages, orc_0_dummy,
          minmay_guarded_unrand_variability

Skill      XL: |  1  2  3  4  5  6  7  8  9 10 |
---------------+-------------------------------+-----
Fighting       | 3 4 5 6 7 9 |  9.4
Dodging        | 3 4 6 7 8 |  8.5
Unarmed Combat | 4 5 7 8 10 | 10.1

Action                     |  1- 3 |  4- 6 |  7- 9 | 10-12 || total
---------------------------+-------+-------+-------+-------++-------
  Melee: Unarmed           |    57 |    54 |   179 |   112 ||   402
         Bite              |    16 |    24 |    57 |    48 ||   145
         Dagger            |    11 |     9 |       |       ||    20
  Evoke: Wand              |       |       |    10 |     1 ||    11
    Use: Scroll            |     5 |     3 |     8 |     1 ||    17
         Potion            |       |       |     2 |       ||     2
   Stab: Distracted        |       |       |     2 |     1 ||     3
 Armour: Robe              |    29 |    20 |    97 |    68 ||   214
  Dodge: Dodged            |    52 |    34 |   120 |    97 ||   303

Table legend: (Time is in decaauts)
 A = Elapsed time spent in this place.
 B = Non-inter-level travel time spent in this place.
 C = Inter-level travel time spent in this place.
 D = Time resting spent in this place.
 E = Time spent auto-exploring this place.
 F = Levels seen in this place.
 G = Mean time per level.
                   A        B        C        D        E       F      G
               +--------+--------+--------+--------+--------+-----+--------+
         Total |   6636 |   6267 |    369 |      0 |   5027 |   9 |  737.3 |
       Dungeon |   6636 |   6267 |    369 |      0 |   5027 |   9 |  737.3 |
               +--------+--------+--------+--------+--------+-----+--------+

Top non-repeatable levels by time:
     D:7: 1058 daAuts
     D:1: 968 daAuts
     D:2: 864 daAuts
     D:6: 808 daAuts
     D:3: 772 daAuts
     D:4: 703 daAuts
     D:5: 641 daAuts
     D:8: 606 daAuts
     D:9: 213 daAuts
